AoeStats
← ben6496

Hill Fort

504257404Analyzed
3v3 RM · 28d ago on Sep 4, 2026· 60m 58s· 6 players
Game mode
Random Map
Map size
Normal (6 player)
Population
200
Speed
Normal
Resources
Standard
Victory
Conquest
Starting age
Dark Age
Ending age
Imperial Age
RankedLock teamsTeams togetherTeam positionsShared explorationLock speedFull tech treeHidden civsTurbo modeCheats
Victory
Defeat
🇬🇧 Chinese · United Kingdom
861
+15
🇬🇧 Bulgarians · United Kingdom
861
+15
🇬🇧 Celts · United Kingdom
859
+15
🇬🇧 Britons · United Kingdom
937
-19
🇬🇧 Romans · United Kingdom
915
-18
🇬🇧 Franks · United Kingdom
658
-8
ben6496
9:17 Loom
12:17 Feudal Age
15:22 Double-Bit Axe
16:59 Stone Mining
17:00 Gold Mining
17:56 Fletching
18:07 Scale Mail Armor
18:19 Forging
18:10 Padded Archer Armor
22:14 Town Watch
23:07 Wheelbarrow
28:25 Castle Age
26:27 Horse Collar
29:49 Gold Shaft Mining
28:48 Crossbowman
30:37 Bodkin Arrow
30:09 Pikeman
32:17 Elite Skirmisher
32:49 Arson
35:21 Chain Mail Armor
35:22 Leather Archer Armor
35:43 Iron Casting
38:47 Ballistics
44:48 Imperial Age
45:46 Yeomen
46:17 Arbalester
48:53 Caravan
49:48 Heavy Plow
50:22 Plate Mail Armor
52:25 Squires
54:06 Bracer
57:15 Siege Engineers
58:15 Halberdier
jackkelly1214
11:18 Feudal Age
14:21 Wheelbarrow
14:31 Double-Bit Axe
17:27 Gold Mining
22:32 Castle Age
21:15 Stone Mining
21:47 Man-at-Arms
23:29 Scale Mail Armor
26:27 Hand Cart
29:30 Scale Barding Armor
29:39 Forging
29:47 Chain Mail Armor
35:46 Chain Barding Armor
36:02 Iron Casting
34:54 Pikeman
40:17 #83
43:58 Imperial Age
45:38 Chivalry
45:08 Elite Throwing Axeman
47:48 Blast Furnace
47:25 Plate Barding Armor
47:21 Plate Mail Armor
50:38 Gold Shaft Mining
51:40 Cavalier
Tabsky ಠ_ಠ
10:42 Feudal Age
11:46 Double-Bit Axe
11:43 Man-at-Arms
13:29 Loom
15:16 Horse Collar
16:56 Forging
22:36 Scale Mail Armor
24:47 Castle Age
22:50 Fletching
24:28 Wheelbarrow
24:53 Long Swordsman
25:50 Chain Mail Armor
26:11 Iron Casting
28:09 Squires
31:16 Hand Cart
32:31 Light Cavalry
33:22 Bloodlines
36:07 Scale Barding Armor
35:58 Bodkin Arrow
44:36 Imperial Age
42:40 Crossbowman
44:46 Legionary
46:23 Legionary
48:53 Husbandry
49:58 Blast Furnace
49:19 Chain Barding Armor
52:16 Plate Barding Armor
54:16 Husbandry
56:10 Town Watch
jameswykes1
9:44 Feudal Age
12:13 Loom
13:21 Scale Mail Armor
15:13 Forging
15:49 Arson
17:54 Double-Bit Axe
23:24 Castle Age
26:13 Gambesons
27:06 Iron Casting
26:47 Chain Mail Armor
36:22 Bow Saw
38:42 Wheelbarrow
42:50 Imperial Age
42:10 Hand Cart
42:15 Murder Holes
42:41 Ballistics
42:17 Fletching
44:40 Blast Furnace
44:45 Plate Mail Armor
45:33 Horse Collar
48:06 Bodkin Arrow
48:55 Conscription
49:26 Bagains
Donaldi
2:46 Loom
12:06 Feudal Age
13:32 Man-at-Arms
15:12 Wheelbarrow
16:27 Horse Collar
17:39 Arson
19:42 Town Watch
20:21 Scale Mail Armor
25:25 Castle Age
25:32 Forging
26:58 Heavy Plow
26:30 Long Swordsman
28:23 Gambesons
31:47 Chain Mail Armor
34:31 Hand Cart
37:30 Light Cavalry
38:10 Husbandry
40:31 Iron Casting
42:46 Scale Barding Armor
47:52 Imperial Age
46:49 Town Patrol
46:59 Double-Bit Axe
47:06 Stone Mining
47:09 Gold Mining
49:13 Plate Mail Armor
49:45 Blast Furnace
49:24 Two-Handed Swordsman
50:30 Champion
53:09 Bow Saw
52:39 Capped Ram
52:46 Pikeman
54:19 Murder Holes
54:36 Masonry
55:58 Hoardings
54:52 Siege Ram
55:20 Crossbowman
Bynest
10:21 Feudal Age
10:49 Double-Bit Axe
10:57 Gold Mining
11:25 Loom
17:30 Horse Collar
20:15 Padded Archer Armor
20:06 Fletching
26:06 Castle Age
26:26 Wheelbarrow
27:35 Bloodlines
26:50 Pikeman
27:31 Squires
27:02 Crossbowman
28:28 Leather Archer Armor
28:42 Bow Saw
34:02 Elite Skirmisher
37:07 Scale Mail Armor
37:19 Forging
39:21 Heavy Plow
43:25 Light Cavalry
45:07 Thumb Ring
46:39 Husbandry
46:49 Scale Barding Armor
47:20 Iron Casting
47:36 Gold Shaft Mining
47:57 Murder Holes
48:23 Ballistics
50:33 Sanctity
53:02 Imperial Age
50:48 Stone Mining
50:51 Man-at-Arms
52:49 Chain Barding Armor
52:44 Chain Mail Armor
52:25 Bodkin Arrow
53:06 Long Swordsman
53:33 Arson
55:14 Conscription
54:26 Two-Handed Swordsman
54:57 Heavy Rocket Cart
57:11 Halberdier
57:33 Cavalier
60:34 Caravan
Connection lost

Rejoining the realm…

Still unreachable

The connection could not be restored.

Session expired

The server has moved on; the page needs a fresh start.